 Dungeon Crawl Stone Soup version 0.28-a0-1429-gf3d713df7a (webtiles) character file.

Game seed: 4593983486703919465

7011 skittles the Cleaver (level 10, -9/90 HPs)
             Began as a Minotaur Fighter on Jan 8, 2022.
             Was an Elder of Makhleb.
             Killed by vampiric draining
             ... invoked by a vampire
              (18 damage)
             ... on level 10 of the Dungeon on Jan 9, 2022.
             The game lasted 00:20:58 (9704 turns).

skittles the Cleaver (Minotaur Fighter)             Turns: 9704, Time: 00:20:59

Health: -9/90      AC: 19    Str: 25    XL:     10   Next: 82%
Magic:  14/14      EV:  6    Int:  5    God:    Makhleb [****..]
Gold:   599        SH:  8    Dex: 10    Spells: 9/9 levels left

rFire   . . .      SeeInvis .   K - +6 morningstar (freeze)
rCold   . . .      Faith    .   H - +0 kite shield
rNeg    . . .      Spirit   .   k - +1 plate armour
rPois   .          Reflect  .   (helmet restricted)
rElec   .          Harm     .   (no cloak)
rCorr   .          Rampage  .   (no gloves)
Will    +....      Clarity  +   i - +0 pair of boots
Stlth   ..........              r - amulet of the acrobat
HPRegen 0.25/turn               w - +4 ring of protection
MPRegen 0.14/turn               (no ring)

@: no status effects
A: horns 2, retaliatory headbutt, clarity, strong-willed 1, mutation resistance
1
a: Renounce Religion, Minor Destruction, Lesser Servant of Makhleb, Major
Destruction


You were on level 10 of the Dungeon.
You worshipped Makhleb.
Makhleb was greatly pleased with you.
You visited 2 branches of the dungeon, and saw 11 of its levels.

You collected 599 gold pieces.

Inventory:

Hand Weapons
 a - a +1 war axe
 e - a +0 halberd
 q - the +4 spear of Joyful Slaughter {flame, rF- rCorr Str-2 Dex+8}
   (You found it on level 3 of the Dungeon)

   It burns those it strikes, dealing additional fire damage.
   Str:       It affects your strength (-2).
   Dex:       It affects your dexterity (+8).
   rF:        It makes you vulnerable to fire.
   rCorr:     It protects you from acid and corrosion.
 z - a +0 arbalest
 F - a +1 hand axe of freezing
 I - a +0 morningstar
 J - a +2 dagger
 K - a +6 morningstar of freezing (weapon)
 L - a +3 falchion
 M - a +0 dire flail of holy wrath
Missiles
 s - 14 atropa-tipped darts
 t - 56 poisoned darts (quivered)
 y - 2 curare-tipped darts
Armour
 g - a +0 chain mail
 i - a +0 pair of boots (worn)
 k - a +1 plate armour (worn)
 v - a +1 scale mail of cold resistance
 H - a +0 kite shield (worn)
Magical Staves
 E - a staff of conjuration
Jewellery
 d - the amulet of the Air {Inacc Air Fly rElec RMsl}
   (You found it on level 4 of the Dungeon)

   [amulet of nothing]

   It reduces the accuracy of all your attacks.
   It enhances your air magic.
   rElec:     It insulates you from electricity.
   Fly:       It grants you flight.
   RMsl:      It protects you from missiles.
 j - a ring of poison resistance
 o - a ring of willpower
 r - an amulet of the acrobat (around neck)
 w - a +4 ring of protection (left hand)
 A - a ring of flight
Wands
 h - a wand of iceblast (2)
 n - a wand of polymorph (11)
 G - a wand of acid (7)
Scrolls
 b - a scroll of amnesia
 c - a scroll of fog
 m - a scroll of holy word
 x - a scroll of blinking
 C - 2 scrolls of identify
 N - a scroll of vulnerability {unknown}
Potions
 f - a potion of curing
 l - 2 potions of flight
 p - 2 potions of brilliance
 u - a potion of attraction
 B - a potion of resistance
 D - 2 potions of magic


   Skills:
 * Level 8.8 Fighting
 * Level 12.6 Axes
 - Level 4.5 Throwing
 - Level 7.5 Armour
 - Level 4.5 Dodging
 - Level 3.6 Shields
 + Level 7.2 Invocations


You had 9 spell levels left.
You didn't know any spells.
Your spell library contained the following spells:

 Spells                   Type           Power      Damage    Failure   Level
 Slow                     Hex            0%         N/A       100%        1
 Corpse Rot               Necr/Air       0%         N/A       100%        2
 Ensorcelled Hibernation  Hex/Ice        0%         N/A       100%        2
 Poisonous Vapours        Pois/Air       0%         N/A       100%        2
 Confusing Touch          Hex            0%         N/A       100%        3
 Dazzling Flash           Conj/Hex       0%         N/A       100%        3
 Tukima's Dance           Hex            0%         N/A       100%        3
 Vampiric Draining        Necr           0%         2d6       100%        3
 Iskenderun's Mystic Bla  Conj/Tloc      0%         2d3       100%        4
 Starburst                Conj/Fire      0%         6d3       100%        6
 Enfeeble                 Hex            0%         N/A       100%        7


Dungeon Overview and Level Annotations

Branches:
Dungeon (10/15)            Temple (1/1) D:4
   Lair: D:8-11         Orc: D:9-12

Altars:
Cheibriados
Dithmenos
Elyvilon
Gozag
Hepliaklqana
Makhleb
Vehumet
Xom
Zin

Annotations:
D:10 1 runed translucent door


Innate Abilities, Weirdness & Mutations

You have a pair of horns on your head.
You reflexively headbutt those who attack you in melee.
You possess an exceptional clarity of mind.
You are strong-willed. (Will+)
You are somewhat resistant to further mutation.


Message History

You hit the vampire. You freeze the vampire. Your headbutt misses the vampire.
The vampire is heavily damaged.
The vampire gestures wildly while chanting.
The vampire flickers and vanishes!
Deactivating autopickup; reactivate with Ctrl-A.
You hit something. Your headbutt misses something.
Something hits you but does no damage. Something bites you!
Something draws strength from your injuries!
Something hits you but does no damage. Something bites you but does no damage.
You miss something. Something hits you but does no damage.
Something bites you but does no damage.
You sock something! You freeze something. Your headbutt misses something.
Something hits you but does no damage. Something bites you.
Something draws strength from your injuries!
You hit something but do no damage. Something hits you but does no damage.
Something bites you but does no damage. Something hits you.
Something bites you but does no damage.
You closely miss something. Something completely misses you.
Something bites you but does no damage.
You hit something. You freeze something. Your headbutt misses something.
Something hits you. Something bites you but does no damage.
You barely miss something. Your headbutt misses something.
Something draws life force from you!
You hit something. Something draws life force from you!
Something hits you but does no damage. Something bites you.
* * * LOW HITPOINT WARNING * * *
Something draws strength from your injuries!
You miss something. Something hits you.
* * * LOW HITPOINT WARNING * * *
Something bites you but does no damage.
You closely miss something. Your headbutt misses something.
Something hits you but does no damage. Something bites you.
* * * LOW HITPOINT WARNING * * *
Something draws strength from your injuries!
You sock something! You freeze something.
Something hits you but does no damage. Something bites you.
* * * LOW HITPOINT WARNING * * *
Something draws strength from your injuries!
Something draws life force from you!!
You die...

#.#.# #.....).....#
# #.#.#
#.#....###########
#.#.#
#.#..............#
#####.#.##
#.#..............#
#........#
#.#...............
#.###....#
#.#..............#
#.# #....#
#.#..............#
#.# ###'##
#/#..............#
#.# #.#
#@####...........#
##.#####.# #.{#
#...........#
#........# #...
.............#
##########
#..#########......#
##.# #......# #.#
#P......


.PP ...####. .P. P... . There were no monsters in sight!

Vanquished Creatures
  A two-headed ogre (D:7)
  A deep elf pyromancer (D:7)
  An ugly thing (D:8)
  A gargoyle (D:9)
  A kobold demonologist (D:7)
  An unseen horror (D:6)
  Prince Ribbit (D:5)
  A hornet (D:9)
  3 yaks (D:6)
  2 steam dragons
  Menkaure (D:4)
  A water moccasin (D:5)
  An ice beast (D:7)
  3 sky beasts
  4 orc warriors
  2 necrophages
  2 ogres
  3 centaurs
  2 phantoms
  Blork the orc (D:5)
  3 bullfrogs
  A scorpion (D:6)
  8 killer bees
  3 howler monkeys (D:9)
  4 wights (D:9)
  2 bullfrog zombies
  4 hounds
  A centaur skeleton (D:7)
  A gnoll shaman (D:6)
  3 orc priests
  Jessica (D:2)
  Ijyb (D:4)
  6 iguanas
  10 orc wizards
  A hound skeleton (D:3)
  4 gnolls (D:6)
  11 adders
  A white imp (D:6)
  An adder skeleton (D:4)
  A worm (D:3)
  3 dart slugs (D:3)
  37 orcs
  14 endoplasms
  2 giant cockroaches (D:3)
  2 goblins
  7 hobgoblins
  6 jackals
  5 quokkas
  4 ball pythons
  6 bats
  3 frilled lizards
  11 kobolds
  5 rats
205 creatures vanquished.

Vanquished Creatures (others)
  A plant (D:4)
1 creature vanquished.

Grand Total: 206 creatures vanquished

Notes
Turn   | Place    | Note
-------+----------+-------------------------------------------
     0 | D:1      | skittles the Minotaur Fighter began the quest for the Orb.
     0 | D:1      | Reached XP level 1. HP: 19/19 MP: 0/0
   265 | D:1      | Reached XP level 2. HP: 23/27 MP: 1/1
   266 | D:1      | Reached skill level 3 in Axes
  1085 | D:1      | Reached skill level 1 in Dodging
  1427 | D:1      | Found a faded altar of an unknown god.
  1431 | D:1      | Prayed at the altar of an unknown god.
  1431 | D:1      | Became a worshipper of Makhleb the Destroyer
  1431 | D:1      | Reached * piety under Makhleb
  1474 | D:2      | Noticed Jessica
  1477 | D:2      | Killed Jessica
  1478 | D:2      | Reached XP level 3. HP: 33/33 MP: 2/2
  1554 | D:2      | Found a hazy altar of Hepliaklqana.
  1644 | D:2      | Reached skill level 4 in Axes
  1944 | D:2      | Reached XP level 4. HP: 40/40 MP: 3/3
  2243 | D:3      | Reached ** piety under Makhleb
  2327 | D:3      | Identified the +4 spear of Joyful Slaughter {flame, rF-
                  | rCorr Str-2 Dex+8}
  2589 | D:3      | Reached XP level 5. HP: 47/47 MP: 4/4
  2946 | D:4      | Noticed Menkaure
  2953 | D:4      | Killed Menkaure
  2954 | D:4      | Reached skill level 5 in Fighting
  2954 | D:4      | Reached skill level 5 in Axes
  2954 | D:4      | Reached XP level 6. HP: 26/56 MP: 5/5
  3519 | D:3      | Gained mutation: You possess an exceptional clarity of
                  | mind. [potion of mutation]
  3519 | D:3      | Gained mutation: Your spells are a little easier to cast,
                  | but a little less powerful. [potion of mutation]
  3519 | D:3      | Lost mutation: You possess an exceptional clarity of mind.
                  | [potion of mutation]
  3520 | D:3      | Lost mutation: Your spells are a little easier to cast, but
                  | a little less powerful. [potion of mutation]
  3520 | D:3      | Gained mutation: You are strong-willed. (Will+) [potion of
                  | mutation]
  3520 | D:3      | Gained mutation: You possess an exceptional clarity of
                  | mind. [potion of mutation]
  3520 | D:3      | Gained mutation: You are somewhat resistant to further
                  | mutation. [potion of mutation]
  3573 | D:4      | Reached skill level 6 in Axes
  3714 | D:4      | Found the amulet of the Air {Inacc Air Fly rElec RMsl}
  3761 | D:4      | Reached XP level 7. HP: 41/61 MP: 6/6
  4035 | D:4      | Found a staircase to the Ecumenical Temple.
  4072 | D:4      | Noticed Ijyb
  4077 | D:4      | Killed Ijyb
  4217 | D:4      | Found a shimmering altar of Xom.
  4217 | D:4      | Found a white marble altar of Elyvilon.
  4431 | Temple   | Entered the Ecumenical Temple
  4462 | D:5      | Entered Level 5 of the Dungeon
  4514 | D:5      | Noticed Blork the orc
  4525 | D:5      | Killed Blork the orc
  4565 | D:5      | Reached *** piety under Makhleb
  4720 | D:5      | Reached skill level 7 in Axes
  4920 | D:5      | Noticed Prince Ribbit
  4931 | D:5      | Killed Prince Ribbit
  4932 | D:5      | Reached skill level 1 in Invocations
  4932 | D:5      | Reached XP level 8. HP: 64/70 MP: 6/8
  5267 | D:6      | Reached skill level 8 in Axes
  5267 | D:6      | Reached skill level 5 in Armour
  5482 | D:6      | Reached skill level 9 in Axes
  5658 | D:6      | Reached XP level 9. HP: 77/77 MP: 11/11
  5692 | D:6      | Reached skill level 5 in Invocations
  5767 | D:6      | Found a radiant altar of Vehumet.
  6030 | D:7      | Reached skill level 1 in Throwing
  6123 | D:6      | Killed an unseen horror
  6124 | D:6      | Reached skill level 10 in Axes
  6405 | D:7      | Noticed a kobold demonologist
  6426 | D:7      | Killed a kobold demonologist
  6426 | D:7      | Reached **** piety under Makhleb
  6465 | D:7      | Noticed a two-headed ogre
  6472 | D:7      | Killed a two-headed ogre
  6473 | D:7      | Reached skill level 11 in Axes
  6904 | D:7      | Noticed a deep elf pyromancer
  6909 | D:7      | Killed a deep elf pyromancer
  6910 | D:7      | Reached XP level 10. HP: 74/84 MP: 13/13
  7040 | D:8      | Noticed a green ugly thing
  7059 | D:8      | Killed a green ugly thing
  7706 | D:8      | Found a burning altar of Makhleb.
  7709 | D:8      | Found a snail-covered altar of Cheibriados.
  7714 | D:8      | Found a hazy altar of Hepliaklqana.
  8368 | D:9      | Reached skill level 12 in Axes
  8799 | D:9      | Noticed a gargoyle
  8817 | D:9      | Killed a gargoyle
  9358 | D:10     | Entered Level 10 of the Dungeon
  9361 | D:10     | Found a shadowy altar of Dithmenos.
  9389 | D:10     | Found a runed translucent door.
  9402 | D:10     | Noticed a centaur warrior
  9704 | D:10     | Killed from afar by a vampire

Illustrated notes

Levels and vault maps discovered:
D:1:      minmay_arrival_jagged, layout_basic,
          shapermc_ecumenical_altar_mp_vishouse
D:2:      layout_loops_ring, basic_altar, minmay_bisected, uniq_jessica
D:3:      layout_rooms, minmay_misc_feat_more_columns,
          minmay_misc_feat_enclosed, st_stairs_8, kennysheep_doodads,
          serial_bayou_pond_b, minmay_misc_feat_square,
          chequers_serial_rivers_micro_d, corexii_corridor_pit,
          minmay_pentomino_pile
D:4:      layout_cave_pools, xom_butterflies, lemuel_doored_altar,
          temple_fountains, serial_column_ruins, column_ruins_corridor_straight,
          column_ruins_grid_2, column_ruins_open_small_water,
          column_ruins_grid_1, serial_bayou_lagoon_a, grunt_decor_mini_mirrors,
          hex_large, uniq_ijyb, uniq_menkaure
D:5:      layout_cave_pools, uniq_prince_ribbit1, uniq_blork_the_orc
D:6:      layout_rooms, lemuel_coloured_pillars_altar
D:7:      layout_cave_pools, guppyfry_early_elven_hall
D:8:      layout_rooms, grunt_temple_overflow_diamond
D:9:      layout_basic
D:10:     layout_basic, kiku_gazebo_garden_becter,
          nicolae_dithmenos_the_darkroom, gammafunk_temple_overflow_statue,
          minmay_st_funbox
Temple:   hc_temple_tempest_star

Skill      XL: |  1  2  3  4  5  6  7  8  9 10 |
---------------+-------------------------------+-----
Axes           | 3 4 5 6 7 9 11 12 | 12.6
Dodging        | 1 2 3 4 |  4.5
Fighting       | 4 5 6 8 |  8.8
Armour         | 4 6 7 |  7.5
Invocations    | 1 4 6 7 |  7.2
Throwing       | 4 |  4.5
Shields        | |  3.6

Action                   |  1- 3 |  4- 6 |  7- 9 | 10-12 || total
-------------------------+-------+-------+-------+-------++-------
Melee: War axe           |    81 |   116 |   227 |   107 ||   531
       Headbutt          |     8 |    13 |    42 |    15 ||    78
       Punch             |       |       |     7 |     1 ||     8
       Morningstar       |       |       |       |    68 ||    68
Throw: Dart              |       |       |     9 |       ||     9
  Use: Potion            |       |     5 |     2 |     2 ||     9
       Scroll            |       |     6 |     4 |    10 ||    20
Armor: Chain mail        |    59 |    50 |       |       ||   109
       Scale mail        |       |    10 |     2 |       ||    12
       Plate armour      |       |       |   157 |   109 ||   266
Dodge: Dodged            |    30 |    60 |   117 |    56 ||   263
Block: Buckler           |    22 |    26 |     2 |       ||    50
       Kite shield       |       |       |       |    43 ||    43

Table legend: (Time is in decaauts)
 A = Elapsed time spent in this place.
 B = Non-inter-level travel time spent in this place.
 C = Inter-level travel time spent in this place.
 D = Time resting spent in this place.
 E = Time spent auto-exploring this place.
 F = Levels seen in this place.
 G = Mean time per level.
                   A        B        C        D        E       F      G
               +--------+--------+--------+--------+--------+-----+--------+
         Total |   9811 |   9603 |    208 |   2461 |   5450 |  11 |  891.9 |
       Dungeon |   9805 |   9597 |    208 |   2461 |   5450 |  10 |  980.5 |
        Temple |      5 |      5 |      0 |      0 |      0 |   1 |    5.0 |
               +--------+--------+--------+--------+--------+-----+--------+

Top non-repeatable levels by time:
     D:9: 1582 daAuts
     D:1: 1478 daAuts
     D:4: 1229 daAuts
     D:3: 1146 daAuts
     D:7: 1071 daAuts
     D:8: 782 daAuts
     D:5: 742 daAuts
     D:6: 741 daAuts
     D:2: 673 daAuts
    D:10: 356 daAuts
  Temple: 5 daAuts
